[Event "*** Titled Tuesday Blitz"]
[Site "Chess.com"]
[Date "2021.02.09"]
[Round "1"]
[White "zmeeed67"]
[Black "Ekose"]
[Result "1-0"]
[WhiteElo "2326"]
[BlackElo "2597"]
[TimeControl "180+1"]
[EndTime "10:09:41 PST"]
[Termination "zmeeed67 won by resignation"]

1. d4 Nf6 2. c4 e6 3. Nc3 d5 4. cxd5 exd5 5. Bg5 c6 6. e3 Be7 7. Bd3 O-O 8. Qc2 Nbd7 9. Nge2 Re8 10. O-O Nf8 11.
f3 Be6 12. h3 Rc8 13. e4 c5 14.
e5 N6d7 15. Bxe7 Qxe7 16. f4 cxd4 17. Nxd4 Qc5 18. Qf2 f6 19. f5 Nxe5 20. Rad1 Bf7 21. Kh1 a6 22. Nce2 Nc6 23. Bb1 Nd7 24. Qh4 Nxd4 25.
Nxd4 Ne5 26. Ne6 Qc4 27. Rf4 Qe2 28. Rdf1 Bxe6 29. fxe6 Ng6 30. Bxg6 hxg6 31. Re1 g5 32. Rxe2 gxh4 33. Rxh4 Rc6 34. Rd4 Rcxe6 35. Rxe6 Rxe6 36.
Rxd5 Re2 37. b3 Rxa2 38. Rd7 b5 39. Ra7 Ra3 40. Kg1 Kh7 41. Kf2 Kh6 42. g3 g6 43. Kg2 f5 44. Kf2 Kg5 45. Kg2 Rxb3 46. Rxa6 b4 47. Kf2 Rb2+ 48. Kf3 Rb3+ 49. Kf2 Ra3 50.
Rb6 b3 51. Kf3 b2+ 52. Kf2 Ra2 53. Kf3 Kh6 54. Kf4 Ra4+ 55. Kf3 Ra3+ 56. Kf2 Ra2 57.
Kf3 Kg7 58. Kf4 Ra4+ 59. Kf3 Ra3+ 60. Kf4 Ra2 61. g4 fxg4 62. hxg4 Ra4+ 63. Kf3 Ra3+ 64. Kf4 Ra2 65. g5 Ra4+ 66. Kf3 Ra3+ 67. Kf4 Ra2 68. Ke5 Kf7 69. Rb7+ Ke8 70. Kf6 Ra6+ 71. Ke5 Ra5+ 72. Kf6 Ra6+ 73. Ke5 Ra5+ 74. Kf6 Ra2 75. Kxg6 Ra6+ 76.
Kh5 Ra2 77. Kh6 b1=Q 78. Rxb1 Rh2+ 79. Kg7 Rg2 80. Re1+ Kd7 81. g6 Rf2 82. Kh7 Rh2+ 83. Kg8 Rg2 84. g7 Rh2 85. Re4 Rh1 86. Kf7 Rf1+ 87.
Kg6 Rg1+ 88. Kf6 Rf1+ 89. Kg5 Rg1+ 90. Rg4 Rxg4+ 91. Kxg4 Ke7 92. g8=Q 1-0

[Event "*** Titled Tuesday Blitz"]
[Site "Chess.com"]
[Date "2021.02.09"]
[Round "1"]
[White "Loy_Konstantin"]
[Black "ShapkinAnatoliy"]
[Result "0-1"]
[WhiteElo "2375"]
[BlackElo "2710"]
[TimeControl "180+1"]
[EndTime "10:09:43 PST"]
[Termination "ShapkinAnatoliy won on time"]

1. e4 e5 2. Nf3 Nc6 3. d4 exd4 4. Nxd4 Nf6 5. Nxc6 bxc6 6. Bd3 d5 7. e5 Ng4 8.
O-O Bc5 9. Qe2 Qe7 10. Bf4 g5 11. Bd2 Qxe5 12. Qxe5+ Nxe5 13. Re1 f6 14. Bxg5 Kf7 15.
Be3 Bd6 16. Nd2 Ng4 17. h3 Nxe3 18. Rxe3 Bd7 19. Rae1 Rae8 20. Rxe8 Bxe8 21. Bf5 h5 22. Nf3 Kg7 23. Nd4 c5 24. Nf3 Bf7 25. Be6 c6 26.
Bxf7 Kxf7 27. Kf1 Rb8 28. b3 a5 29. Ke2 a4 30. Kd3 axb3 31. axb3 Ra8 32. g3 Bf8 33.
Nh4 Ra2 34. Re2 Ra1 35. Nf5 Rh1 36. h4 Ra1 37. Kc3 Rd1 38. Kb2 Rg1 39. c3 Rf1 40. Ne3 Rg1 41. Kc2 Kg6 42. Rd2 Ra1 43. Kb2 Rh1 44. Rd1 Rh2 45. Rd2 Bh6 46. Kc2 Bxe3 47. fxe3 Rh3 48. Rg2 Kf5 49. Kd3 Ke5 50. Rg1 Rh2 51.
Rf1 f5 52. b4 cxb4 53. cxb4 Ra2 54. Rc1 Kd6 55. Rf1 Ke5 56. Rc1 Ra3+ 57. Kd2 Kd6 58.
Rf1 Ke6 59. Rc1 Ra6 60. Kd3 Ke5 61. Rc3 Kd6 62. Kd4 Ra1 63. Rc2 Rd1+ 64. Kc3 Rg1 65. Rf2 Ke5 66. Kd3 Rxg3 67. Rc2 Kd6 68. Ra2 Rg4 69. Ra8 Rxh4 70. Rf8 Rxb4 71. Rxf5 h4 72. Rh5 Kc5 73. Kc3 Re4 74. Kd3 Kd6 75. Rh6+ Kc5 76.
Rh5 Ra4 77. Rh8 Kb5 78. Rh6 c5 79. Rd6 Ra3+ 80. Kd2 Kc4 81. Rh6 Ra2+ 82. Kd1 Rh2 83. Rh8 Kd3 84. Kc1 Kxe3 85. Rc8 Kd4 86. Rd8 h3 87.
Rg8 Kc4 88. Rg4+ d4 89. Kb1 Rg2 90. Rh4 h2 0-1

[Event "*** Titled Tuesday Blitz"]
[Site "Chess.com"]
[Date "2021.02.09"]
[Round "1"]
[White "olksuna"]
[Black "Ghost_Pepper"]
[Result "1-0"]
[WhiteElo "2697"]
[BlackElo "2366"]
[TimeControl "180+1"]
[EndTime "10:10:06 PST"]
[Termination "olksuna won by resignation"]

1. e4 c5 2. Nf3 d6 3. d4 cxd4 4.
Nxd4 Nf6 5. Nc3 a6 6. Be2 e5 7. Nf3 Be7 8. Bg5 Be6 9. Bxf6 Bxf6 10. O-O O-O 11. Nd5 Nc6 12. c3 Rc8 13. Nxf6+ Qxf6 14. Qxd6 Rfd8 15. Qa3 Ne7 16. Nxe5 Qxe5 17. Qxe7 Rd2 18. Bf3 Rxb2 19. a4 Qxc3 20. a5 h6 21. h4 Qe5 22.
h5 Rb3 23. Rac1 Rxc1 24. Qd8+ Kh7 25. Rxc1 Qf4 26. Qc7 Rxf3 27. gxf3 Qxf3 28. Qc3 Qxh5 29. Rb1 Qg4+ 30. Qg3 Qxe4 31. Rd1 Bd5 32. Qd3 Qxd3 33.
Rxd3 Bc6 34. Rd6 f6 35. Kh2 Kg6 36. Kg3 h5 37. Rd8 Kf5 38. Rh8 Kg5 39. f4+ Kg6 40. Kh4 Kf5 41. Kg3 g6 42. Rf8 Be4 43. Rf7 Bd5 44. Rf8 Bc6 45. Rf7 Ke6 46. Rg7 Kf5 47. Rf7 Be4 48. Rf8 Bd5 49. Rd8 Bc6 50. Rf8 Bh1 51. Rf7 g5 52. fxg5 Kxg5 53. Rg7+ Kf5 54. Kh4 Bf3 55. Kg3 Bc6 56. Kh4 Ke4 57. Kxh5 f5 58.
Re7+ Kf3 59. Rf7 Be4 60. Kg5 Ke3 61. Rf6 Kf3 62. Rf7 Ke3 63. Rf6 Kd4 64. Kf4 Kc5 65. Re6 Kb5 66. Re5+ Ka4 67. Ke3 Kb4 68. Kd4 Bc6 69.
Rxf5 Bb5 70. Rf7 Bc6 71. Rf5 Bb5 72. Rf2 Kxa5 73. Kc5 b6+ 74. Kd4 Ba4 75. Rb2 b5 76. Kc5 Bd1 77. Ra2+ Ba4 78. Ra1 b4 79. Kc4 b3 80.
Kc3 Kb5 81. Rf1 Kb6 82. Rf4 Bb5 83. Kxb3 Ka5 84. Kc3 Be2 85. Rf5+ Bb5 86. Kb3 Kb6 87. Kb4 Kc6 88. Rf6+ Kd5 89. Rh6 Kd4 90. Rh5 Ke4 91. Rh4+ Kd5 92. Kc3 Kc5 93. Rh5+ Kb6 94. Kd4 Ka5 95. Kc5 Ka4 96. Rh3 Bf1 97. Rg3 Bb5 98. Re3 Bf1 99. Re1 Bb5 100. Rb1 Ka3 101. Kd4 Ka2 102. Rb4 Ka3 103. Kc3 Bf1 104. Rb1 Ka4 105. Rxf1 Ka5 106.
Ra1+ Kb6 107. Kb4 a5+ 108. Rxa5 1-0

[Event "*** Titled Tuesday Blitz"]
[Site "Chess.com"]
[Date "2021.02.09"]
[Round "1"]
[White "m_ezat"]
[Black "AJSC02"]
[Result "1/2-1/2"]
[WhiteElo "2543"]
[BlackElo "2245"]
[TimeControl "180+1"]
[EndTime "10:10:13 PST"]
[Termination "Game drawn by 50-move rule"]

1. d4 Nf6 2. c4 g6 3. Nc3 d5 4. Bg5 Bg7 5. Bxf6 Bxf6 6. cxd5 c6 7. dxc6 Bxd4 8. Rc1 Nxc6 9. e3 Bxc3+ 10. Rxc3 O-O 11.
Qxd8 Rxd8 12. Bb5 Be6 13. a3 Bd5 14. Nf3 a6 15. Ba4 b5 16. Bb3 Bxb3 17. Rxb3 Na5 18.
Rc3 Nc4 19. Rc2 Rd3 20. Ke2 Rb3 21. a4 Rxb2 22. Rxb2 Nxb2 23. axb5 axb5 24. Rb1 Ra2 25. Kf1 Nd3 26. Rxb5 Rxf2+ 27. Kg1 Re2 28. Rb7 Rxe3 29. Rb3 e5 30. h3 e4 31. Nd2 Re1+ 32. Kh2 f5 33. Rb7 Rc1 34. Rb8+ Kg7 35. Rb7+ Kf6 36. Rd7 Rc2 37. Nf1 Ke6 38. Rxh7 Nf4 39. Ne3 Re2 40. Rh4 Rxe3 41. Rxf4 g5 42. Rf1 f4 43.
h4 Kf5 44. hxg5 Kxg5 45. Ra1 Re2 46. Kg1 Kg4 47. Ra8 f3 48. Rg8+ Kf4 49. Rf8+ Ke3 50. gxf3 Re1+ 51. Kg2 Re2+ 52. Kg3 exf3 53. Rxf3+ Kd2 54.
Rf8 Re3+ 55. Kf4 Re2 56. Rd8+ Ke1 57. Kf3 Rf2+ 58. Kg3 Rd2 59. Ra8 Rd3+ 60. Kf4 Kd2 61. Ke4 Re3+ 62. Kf4 Rc3 63. Rd8+ Rd3 64. Rh8 Kc3 65. Ke4 Rd4+ 66. Ke5 Rd2 67. Rc8+ Kb3 68. Ke4 Rd7 69. Rb8+ Kc3 70. Rc8+ Kb3 71. Rc6 Kb4 72. Ke5 Rd2 73. Rc1 Kb3 74. Ke4 Kb2 75. Rc8 Rd7 76. Ke5 Kb3 77. Rb8+ Kc3 78. Re8 Rd2 79.
Kf4 Kc4 80. Ke3 Rd7 81. Rc8+ Kb3 82. Rc1 Kb2 83. Rc6 Rd5 84. Ke4 Rd8 85. Re6 Kb3 86.
Ke5 Rd2 87. Kf6 Rf2+ 88. Ke7 Rd2 89. Rb6+ Kc4 90. Rf6 Re2+ 91. Kf7 Rd2 92. Rf4+ Kc5 93. Rf1 Kc6 94. Ke6 Rd6+ 95. Ke5 Rd2 96. Rf6+ Kc5 97.
Rf3 Rd5+ 98. Ke4 Rd8 99. Rf5+ Kc4 100. Rf7 Rd1 101. Rc7+ Kb5 102. Rb7+ Kc6 103. Rb2 1/2-1/2

[Event "*** Titled Tuesday Blitz"]
[Site "Chess.com"]
[Date "2021.02.09"]
[Round "1"]
[White "kubal123"]
[Black "enriquetejedor"]
[Result "0-1"]
[WhiteElo "2209"]
[BlackElo "2527"]
[TimeControl "180+1"]
[EndTime "10:10:46 PST"]
[Termination "enriquetejedor won by resignation"]

1. d4 Nf6 2. c4 d6 3. Nf3 Bf5 4. Nc3 g6 5. Qb3 Qc8 6. Nh4 Be6 7. e4 Bg7 8. Be2 O-O 9. O-O c5 10. d5 Bg4 11. Nf3 Nbd7 12. h3 Bxf3 13. Bxf3 a6 14.
Bf4 Ne8 15. Rfe1 Nc7 16. a4 b6 17. Bg4 Rb8 18. Qc2 Qd8 19. Be2 Re8 20. Rad1 Nf8 21. Bf1 Qd7 22. b3 Rbd8 23. Bd3 e5 24. Bg5 f6 25.
Bc1 Re7 26. Ba3 a5 27. Rf1 Rf7 28. Bc1 g5 29. Be2 Ng6 30. Bg4 Qe8 31. g3 Kh8 32. Rde1 Qf8 33. Kg2 Re8 34. Qe2 Ree7 35. Bf5 Kg8 36.
Qh5 Bh8 37. Rh1 Qg7 38. Nd1 Ne8 39. Ne3 Qf8 40. Be6 Ng7 41. Bxf7+ Qxf7 42. Qe2 h6 43. Nf5 Nxf5 44. exf5 Nf8 45. Qe4 Qh7 46. h4 Qg7 47. hxg5 hxg5 48. g4 Kf7 49. Rh5 Qg8 50. Reh1 Bg7 51.
f3 Ke8 52. Be3 Kd7 53. Bf2 Kc7 54. Bg3 Qf7 55. R1h3 Qe8 56. Be1 Rf7 57. Bd2 Qe7 58.
Qe1 Kb7 59. Qe4 Qd8 60. Kf2 Qe7 61. Ke2 Qe8 62. Kd3 Nd7 63. Qe2 Nf8 64. Ke4 Nd7 65.
Qh2 Nf8 66. Be3 Qe7 67. Bf2 Qd8 68. Be3 Qe8 69. Qh1 Qe7 70. Qh2 Ka7 71. Qg2 Ka6 72.
Qh1 Kb7 73. Rh7 Nxh7 74. Rxh7 Qf8 75. Qh5 Rc7 76. Qg6 Rd7 77. Bf2 Rc7 78. Be1 Kb8 79.
Bd2 Kb7 80. Qh5 Kb8 81. Qg6 Kb7 82. Bc1 Kb8 83. Be3 Qf7 84. Bd2 Qf8 85. Bc1 Qf7 86. Qxf7 Rxf7 87. Be3 Kc8 88. Bxg5 fxg5 89. f6 Rxf6 90.
Rxg7 Rf4+ 91. Ke3 e4 92. fxe4 Rxg4 93. Kf3 Rf4+ 94. Ke3 Rg4 95. Kf3 Rg1 96. Rg6 Kd7 97.
Rg7+ Kd8 98. Rg6 Ke7 99. Rg7+ Kf6 100. Rb7 Ke5 101. Rxb6 g4+ 102. Kf2 Rb1 103. Rb5 Kxe4 104. Rxa5 Rxb3 105. Ra8 Rb4 106. Rd8 Ke5 107. Rg8 Rxc4 108. a5 Kxd5 109. a6 Ra4 110. a7 Rxa7 111. Rxg4 Ra2+ 112. Kf3 Kc6 113. Ke4 Ra4+ 114. Kf3 Rxg4 115. Kxg4 Kb5 0-1

[Event "*** Titled Tuesday Blitz"]
[Site "Chess.com"]
[Date "2021.02.09"]
[Round "2"]
[White "volkanyirik"]
[Black "MerryPoppies"]
[Result "1-0"]
[WhiteElo "2420"]
[BlackElo "2186"]
[TimeControl "180+1"]
[EndTime "10:12:04 PST"]
[Termination "volkanyirik won by resignation"]

1. e4 e5 2. Nc3 Nc6 3. Nf3 Nf6 4. d4 exd4 5. Nxd4 Bb4 6. Nxc6 Bxc3+ 7. bxc3 dxc6 8.
Qxd8+ Kxd8 9. Bg5 Ke7 10. e5 h6 11. exf6+ 1-0

[Event "*** Titled Tuesday Blitz"]
[Site "Chess.com"]
[Date "2021.02.09"]
[Round "2"]
[White "K_A_S_T_O_R"]
[Black "KubaGepard"]
[Result "1-0"]
[WhiteElo "2803"]
[BlackElo "2349"]
[TimeControl "180+1"]
[EndTime "10:12:07 PST"]
[Termination "K_A_S_T_O_R won by resignation"]

1. e4 c5 2. Nf3 d6 3. d4 cxd4 4. Nxd4 Nf6 5. Nc3 a6 6. Bg5 Nbd7 7. Bc4 e6 8. O-O b5 9. Bxe6 fxe6 10. Nxe6 Qb6 11.
Nd5 Nxd5 12. Qxd5 Bb7 13. Nc7+ 1-0

[Event "*** Titled Tuesday Blitz"]
[Site "Chess.com"]
[Date "2021.02.09"]
[Round "2"]
[White "enriquebutti"]
[Black "dozer80"]
[Result "0-1"]
[WhiteElo "2181"]
[BlackElo "2601"]
[TimeControl "180+1"]
[EndTime "10:13:07 PST"]
[Termination "dozer80 won by resignation"]

1. d4 d5 2. c4 c6 3. Nf3 Nf6 4. Nc3 dxc4 5. a4 e5 6. Nxe5 Bb4 7. Bg5 Be6 8. e3 Qa5 9. Bxc4 Bxc3+ 10.
bxc3 Qxc3+ 0-1

[Event "*** Titled Tuesday Blitz"]
[Site "Chess.com"]
[Date "2021.02.09"]
[Round "2"]
[White "MF1966Idrisov"]
[Black "Sharpchess22"]
[Result "0-1"]
[WhiteElo "2396"]
[BlackElo "2710"]
[TimeControl "180+1"]
[EndTime "10:13:22 PST"]
[Termination "Sharpchess22 won by resignation"]

1. Nf3 g6 2. d4 Bg7 3. Bf4 d6 4. e3 Nd7 5. h3 e5 6. Bg3 Ne7 7. c3 O-O 8. Nbd2 Nf5 9. Bh2 Re8 10. Bd3 exd4 11. Bxf5 dxe3 12. Bxd7 exd2+ 13. Kxd2 Bxd7 14. Re1 Qf6 15. Qb3 Bc6 16. Bg3 Bh6+ 17. Kc2 Qf5+ 0-1

[Event "*** Titled Tuesday Blitz"]
[Site "Chess.com"]
[Date "2021.02.09"]
[Round "2"]
[White "suyu28"]
[Black "krasavetc"]
[Result "1-0"]
[WhiteElo "2646"]
[BlackElo "2357"]
[TimeControl "180+1"]
[EndTime "10:13:32 PST"]
[Termination "suyu28 won by resignation"]

1. e4 e6 2. Nf3 b6 3. d4 Bb7 4.
Bd3 c5 5. c3 d5 6. exd5 Bxd5 7.
O-O Nf6 8. c4 Bb7 9. d5 exd5 10.
cxd5 Be7 11. Bb5+ Nbd7 12. d6 Bf8 13. Re1+ Ne4 14. Nc3 f5 15. Ne5 Bc8 16. Qd5 1-0

[Event "*** Titled Tuesday Blitz"]
[Site "Chess.com"]
[Date "2021.02.09"]
[Round "2"]
[White "redbaron8888"]
[Black "rasmussvane"]
[Result "0-1"]
[WhiteElo "2532"]
[BlackElo "2883"]
[TimeControl "180+1"]
[EndTime "10:13:40 PST"]
[Termination "rasmussvane won by resignation"]

1. e4 c6 2. d4 d5 3. Nc3 dxe4 4. Nxe4 Nf6 5. Nxf6+ exf6 6. c3 Bd6 7. Bd3 O-O 8. Ne2 Re8 9. O-O Nd7 10. Qc2 Nf8 11.
Ng3 g6 12. Bd2 f5 13. Rae1 Be6 14. Re2 Qh4 15. Rfe1 f4 16. Ne4 f3 17. Nxd6 Qg4 18.
g3 Qh3 0-1

[Event "*** Titled Tuesday Blitz"]
[Site "Chess.com"]
[Date "2021.02.09"]
[Round "2"]
[White "Alindsay211"]
[Black "mbojan"]
[Result "1-0"]
[WhiteElo "2388"]
[BlackElo "2634"]
[TimeControl "180+1"]
[EndTime "10:13:54 PST"]
[Termination "Alindsay211 won by checkmate"]

1. d4 g6 2. Bf4 Bg7 3. Nc3 d5 4. e3 c6 5. h4 h6 6. Bd3 Bf5 7. Bxf5 gxf5 8. g4 Qc8 9. gxf5 Qxf5 10. Qd2 Nf6 11. O-O-O Nbd7 12. Nf3 Nh5 13. Ne2 O-O-O 14. Rdg1 Rhg8 15. Ng3 Nxg3 16. Rxg3 Bf6 17. Rhg1 Rxg3 18. Rxg3 h5 19. Qa5 a6 20. Qc7# 1-0

[Event "*** Titled Tuesday Blitz"]
[Site "Chess.com"]
[Date "2021.02.09"]
[Round "2"]
[White "Adham_Fawzy"]
[Black "CakeinSpace2002"]
[Result "1-0"]
[WhiteElo "2765"]
[BlackElo "2347"]
[TimeControl "180+1"]
[EndTime "10:14:16 PST"]
[Termination "Adham_Fawzy won by checkmate"]

1. e4 c5 2. Nf3 Nc6 3. d4 cxd4 4. Nxd4 Nf6 5. Nc3 e5 6. Ndb5 d6 7. a4 Be6 8. Bg5 Be7 9. Bxf6 gxf6 10. Nd5 Bxd5 11. exd5 Nb8 12. Bd3 Nd7 13. O-O Nf8 14. Nc3 Ng6 15. Qh5 O-O 16. Rae1 Qb6 17. Re3 Qxb2 18. Rh3 Rfc8 19. Qxh7+ Kf8 20. Bxg6 fxg6 21. Qh8+ Kf7 22. Rh7# 1-0

[Event "*** Titled Tuesday Blitz"]
[Site "Chess.com"]
[Date "2021.02.09"]
[Round "2"]
[White "2nd_life"]
[Black "Sofiia_Hryzlova"]
[Result "1-0"]
[WhiteElo "2464"]
[BlackElo "2256"]
[TimeControl "180+1"]
[EndTime "10:14:27 PST"]
[Termination "2nd_life won by resignation"]

1. e4 e6 2. Nf3 c5 3. d4 cxd4 4. Nxd4 Nc6 5. Nc3 Nf6 6. Ndb5 d6 7. Bf4 e5 8. Bg5 a6 9. Na3 b5 10. Bxf6 gxf6 11. Nd5 Be7 12. Bd3 Be6 13. O-O f5 14. Nxe7 Nxe7 15. exf5 Nxf5 16. Bxf5 Bxf5 17. f4 e4 18. Qd5 Qc8 19. Qxd6 Ra7 20. Qe5+ Kd7 21. Qxf5+ 1-0

[Event "*** Titled Tuesday Blitz"]
[Site "Chess.com"]
[Date "2021.02.09"]
[Round "2"]
[White "tan275"]
[Black "Leo_C"]
[Result "1-0"]
[WhiteElo "2241"]
[BlackElo "2435"]
[TimeControl "180+1"]
[EndTime "10:14:47 PST"]
[Termination "tan275 won by checkmate"]

1. d4 d5 2. c4 e6 3. Nf3 c6 4. e3 Nf6 5. b3 c5 6. Bb2 Nc6 7. Bd3 cxd4 8. Nxd4 Nxd4 9. Bxd4 Bb4+ 10. Nd2 O-O 11. O-O b6 12. cxd5 exd5 13. Nf3 Bd6 14.
h3 Bb7 15. Bc2 Ne4 16. Qd3 a5 17. Bb2 f6 18. Rad1 Kh8 19. Nd4 Ba6 20. Nb5 Nc5 21. Qxh7# 1-0

[Event "*** Titled Tuesday Blitz"]
[Site "Chess.com"]
[Date "2021.02.09"]
[Round "2"]
[White "Sam_ChessMood"]
[Black "Nathan_Filgueiras"]
[Result "1-0"]
[WhiteElo "2848"]
[BlackElo "2442"]
[TimeControl "180+1"]
[EndTime "10:14:51 PST"]
[Termination "Sam_ChessMood won by resignation"]

1. Nf3 Nf6 2. d4 e6 3. c4 b6 4.
a3 Bb7 5. Bf4 Be7 6. e3 O-O 7. Nc3 d5 8. Qc2 a6 9. Rd1 Nbd7 10.
Be2 c5 11. O-O cxd4 12. Rxd4 Rc8 13. Rfd1 Bc5 14. R4d2 Qe7 15. Bg5 h6 16. Bh4 g5 17.
Bg3 Ne4 18. Nxe4 dxe4 19. Rxd7 exf3 20. Rxe7 fxe2 21. Rxb7 exd1=Q+ 22. Qxd1 Rfd8 23. Rd7 1-0

[Event "*** Titled Tuesday Blitz"]
[Site "Chess.com"]
[Date "2021.02.09"]
[Round "2"]
[White "dusanako"]
[Black "juli2512"]
[Result "1-0"]
[WhiteElo "2414"]
[BlackElo "2182"]
[TimeControl "180+1"]
[EndTime "10:14:59 PST"]
[Termination "dusanako won by resignation"]

1. d4 f5 2. g3 Nf6 3. Bg2 g6 4. Nf3 Bg7 5. c4 O-O 6. O-O d6 7. b4 a5 8. b5 Nbd7 9. Bb2 Qe8 10. Nbd2 e5 11. dxe5 Nxe5 12. Nxe5 dxe5 13. a4 e4 14. Nb3 Be6 15. Qc2 Qf7 16. Rac1 Ng4 17.
Bxg7 Qxg7 18. Nc5 Bc8 19. Rfd1 b6 20. Nb3 Rb8 21. c5 Be6 22. Nd4 Bd5 23. cxb6 cxb6 24. Qc7 Rf7 25. Qxb8+ 1-0

[Event "*** Titled Tuesday Blitz"]
[Site "Chess.com"]
[Date "2021.02.09"]
[Round "2"]
[White "Lukianoo"]
[Black "Cambek64"]
[Result "0-1"]
[WhiteElo "2713"]
[BlackElo "2350"]
[TimeControl "180+1"]
[EndTime "10:15:01 PST"]
[Termination "Cambek64 won by resignation"]

1. e4 c5 2. Nf3 d6 3. d4 cxd4 4.
Qxd4 Nc6 5. Bb5 Bd7 6. Bxc6 Bxc6 7. Nc3 e5 8. Qd3 h6 9. O-O Nf6 10. b3 Be7 11. a4 a6 12. Ba3 Qc7 13. Rfd1 Rd8 14.
Nd2 O-O 15. Nf1 d5 16. Bxe7 Qxe7 17. exd5 Nxd5 18. Nxd5 Rxd5 19. Qe2 Rfd8 20. Ne3 Rxd1+ 21. Rxd1 Rxd1+ 22. Qxd1 Qd7 23. Qxd7 Bxd7 24. Kf1 Kf8 25. Ke2 Ke7 26. Kd3 Bc6 27. g3 Ke6 28. Kc4 f5 29.
Kc5 f4 30. Nc4 g5 31. Na5 Bg2 32. c4 e4 33. Kd4 e3 34. fxe3 f3 0-1

[Event "*** Titled Tuesday Blitz"]
[Site "Chess.com"]
[Date "2021.02.09"]
[Round "2"]
[White "chessablanca"]
[Black "Elshan1985"]
[Result "0-1"]
[WhiteElo "2503"]
[BlackElo "2808"]
[TimeControl "180+1"]
[EndTime "10:15:04 PST"]
[Termination "Elshan1985 won by resignation"]

1. Nf3 Nf6 2. d4 d5 3. c4 e6 4. Nc3 dxc4 5. e3 a6 6. Bxc4 b5 7. Bd3 Bb7 8. O-O c5 9. dxc5 Bxc5 10. Bc2 Nbd7 11. Nd4 Qb6 12. Nce2 Rd8 13. Qe1 e5 14.
Nf5 g6 15. Nfg3 h5 16. h4 Ng4 17. Ne4 Be7 18. g3 f5 19. N4c3 b4 20. f3 Nxe3 21. Qf2 Nxc2 0-1

[Event "*** Titled Tuesday Blitz"]
[Site "Chess.com"]
[Date "2021.02.09"]
[Round "2"]
[White "Chessbard1972"]
[Black "FMalexhdez"]
[Result "1-0"]
[WhiteElo "2408"]
[BlackElo "2174"]
[TimeControl "180+1"]
[EndTime "10:15:04 PST"]
[Termination "Chessbard1972 won by resignation"]

1. d4 Nf6 2. Nf3 e6 3. c4 d5 4. Bg5 Be7 5. e3 O-O 6. Nc3 b6 7. cxd5 exd5 8. Bd3 c5 9. O-O Nbd7 10. Ne5 Bb7 11. f4 Ne4 12. Bxe7 Qxe7 13. Qc2 f5 14. Nxe4 dxe4 15. Bc4+ Kh8 16. Rad1 cxd4 17. Nxd7 d3 18. Qa4 Rfd8 19. Ne5 a6 20. Nf7+ 1-0

[Event "*** Titled Tuesday Blitz"]
[Site "Chess.com"]
[Date "2021.02.09"]
[Round "2"]
[White "rachidhuilda"]
[Black "biostatistician"]
[Result "0-1"]
[WhiteElo "2298"]
[BlackElo "2624"]
[TimeControl "180+1"]
[EndTime "10:15:05 PST"]
[Termination "biostatistician won by resignation"]

1. d4 Nf6 2. Bg5 Ne4 3. Bf4 d5 4. e3 Bf5 5. Bd3 e6 6. Ne2 Nd6 7. O-O Bxd3 8. cxd3 Be7 9. Nbc3 O-O 10. Rc1 Nd7 11.
h3 a6 12. a3 Rc8 13. b4 c6 14. Na4 b5 15. Bxd6 Bxd6 16. Nc5 Nxc5 17. dxc5 Bb8 18.
d4 e5 19. f4 exd4 20. exd4 Re8 21. Qd3 Re4 22. Ng3 Rxf4 23. Nf5 Qg5 24. Rxf4 Qxf4 25.
Rf1 Qh2+ 26. Kf2 Re8 27. Ng3 Bxg3+ 28. Qxg3 Re2+ 0-1

[Event "*** Titled Tuesday Blitz"]
[Site "Chess.com"]
[Date "2021.02.09"]
[Round "2"]
[White "Sanyura"]
[Black "MillyNeuf"]
[Result "1-0"]
[WhiteElo "2647"]
[BlackElo "2320"]
[TimeControl "180+1"]
[EndTime "10:15:05 PST"]
[Termination "Sanyura won by resignation"]

1. e4 c5 2. Nf3 d6 3. d4 cxd4 4.
Nxd4 Nf6 5. Nc3 g6 6. g3 Bg7 7.
Bg2 O-O 8. O-O Nc6 9. h3 Bd7 10. Be3 Rc8 11. Nce2 Ne5 12. b3 a6 13. c4 Nc6 14.
Rc1 Nxd4 15. Nxd4 Bc6 16. Nxc6 bxc6 17. Qd2 Nd7 18. Rfd1 Qc7 19. Bh6 Bxh6 20. Qxh6 c5 21. h4 e5 22. Qd2 Rfd8 23. Qxd6 Qxd6 24. Rxd6 Nb8 25. Rcd1 Rxd6 26. Rxd6 Kf8 27. Bh3 Re8 28. Rd5 1-0

[Event "*** Titled Tuesday Blitz"]
[Site "Chess.com"]
[Date "2021.02.09"]
[Round "2"]
[White "niki_2003"]
[Black "MartinMatthiesen"]
[Result "0-1"]
[WhiteElo "2060"]
[BlackElo "2380"]
[TimeControl "180+1"]
[EndTime "10:15:09 PST"]
[Termination "MartinMatthiesen won by checkmate"]

1. e4 c6 2. d4 d5 3. exd5 cxd5 4. c3 Nc6 5. Bd3 Nf6 6. Nf3 Bg4 7. Be3 e6 8. Nbd2 Bd6 9. h3 Bh5 10. O-O O-O 11. Rc1 Rb8 12. a3 Bg6 13. Bb1 Bxb1 14.
Rxb1 Qc7 15. b4 Rfc8 16. Qb3 Ne7 17. Rfc1 Nf5 18. c4 dxc4 19. Nxc4 Nd5 20. Nxd6 Qxd6 21.
Rxc8+ Rxc8 22. g4 Nfxe3 23. fxe3 Qg3+ 24. Kh1 Qxf3+ 25. Kh2 Nxe3 26. Rg1 Nxg4+ 27. Rxg4 Qxb3 28. Rg2 Rc2 29. Rxc2 Qxc2+ 30. Kg1 f6 31. Kh1 e5 32. h4 e4 33. h5 e3 34. h6 e2 35.
hxg7 e1=Q# 0-1

[Event "*** Titled Tuesday Blitz"]
[Site "Chess.com"]
[Date "2021.02.09"]
[Round "2"]
[White "kikydu96"]
[Black "Guzman70"]
[Result "1-0"]
[WhiteElo "2611"]
[BlackElo "2261"]
[TimeControl "180+1"]
[EndTime "10:15:13 PST"]
[Termination "kikydu96 won by resignation"]

1. e4 g6 2. d4 Bg7 3. Nc3 d6 4.
Be3 a6 5. Qd2 b5 6. O-O-O Bb7 7.
f3 Nd7 8. h4 h5 9. Nh3 Ngf6 10. Ng5 Nb6 11. Kb1 Nc4 12. Bxc4 bxc4 13. Qe2 O-O 14. Qxc4 a5 15. e5 Ne8 16. e6 f5 17. g4 fxg4 18. fxg4 Nf6 19. gxh5 Nxh5 20. Qd3 Rf5 21. Rhg1 a4 22. Nf7 Qf8 23. Rxg6 Rfa5 24. Rdg1 a3 25. Rh6 1-0

[Event "*** Titled Tuesday Blitz"]
[Site "Chess.com"]
[Date "2021.02.09"]
[Round "2"]
[White "FlySooHigh"]
[Black "kakorrhaphiophobie"]
[Result "1-0"]
[WhiteElo "2583"]
[BlackElo "2312"]
[TimeControl "180+1"]
[EndTime "10:15:13 PST"]
[Termination "FlySooHigh won by resignation"]

1. e4 e6 2. d4 d5 3. e5 c5 4. c3 Nc6 5. Nf3 Qb6 6. a3 c4 7. g3 Bd7 8. h4 Na5 9. Nbd2 Ne7 10.
Bh3 Qc7 11. O-O Nc8 12. Rb1 Nb6 13. Ne1 Ba4 14. Qe2 O-O-O 15. h5 Kb8 16. f4 g6 17.
Ndf3 Rg8 18. Ng2 gxh5 19. Kh2 Be7 20. Be3 Bb3 21. Nfh4 Na4 22. Rbc1 Nc6 23. Rf2 Ka8 24.
Qxh5 f5 25. exf6 Bxf6 26. Bxe6 Rde8 27. Bxg8 Rxe3 1-0

[Event "*** Titled Tuesday Blitz"]
[Site "Chess.com"]
[Date "2021.02.09"]
[Round "2"]
[White "Vincent_Vega95"]
[Black "Kislov_Oleg"]
[Result "1-0"]
[WhiteElo "2726"]
[BlackElo "2479"]
[TimeControl "180+1"]
[EndTime "10:15:14 PST"]
[Termination "Vincent_Vega95 won by resignation"]

1. d4 Nf6 2. c4 e6 3. Nc3 Bb4 4. e3 d5 5. a3 Bxc3+ 6. bxc3 c5 7. cxd5 exd5 8. Bd3 Qa5 9. Ne2 O-O 10. O-O b6 11. Bd2 c4 12. Bc2 Re8 13. f3 Bb7 14.
Qe1 Nbd7 15. Qh4 b5 16. a4 Nb6 17. g4 h6 18. g5 hxg5 19. Qxg5 bxa4 20. Kh1 Re6 21. Nf4 Rd6 22. Rg1 Ne8 23. Qh5 Rh6 24. Qxh6 1-0

[Event "*** Titled Tuesday Blitz"]
[Site "Chess.com"]
[Date "2021.02.09"]
[Round "2"]
[White "Gusarov91"]
[Black "tomsishere"]
[Result "0-1"]
[WhiteElo "2211"]
[BlackElo "2441"]
[TimeControl "180+1"]
[EndTime "10:15:17 PST"]
[Termination "tomsishere won by resignation"]

1. d4 b6 2. e4 Bb7 3. Nc3 e6 4. a3 c5 5. d5 Nf6 6. Nf3 exd5 7.
exd5 d6 8. Bb5+ Nbd7 9. Qe2+ Be7 10. O-O O-O 11. Rd1 a6 12. Bd3 b5 13. Bf5 g6 14.
Bh3 Re8 15. Bf4 Bf8 16. Qd2 b4 17. axb4 cxb4 18. Na4 Nxd5 19. Bg5 f6 20. Bh4 Ne5 21. Nxe5 dxe5 22. c4 Nf4 23. Qxd8 Nxh3+ 24. gxh3 Raxd8 25. Bxf6 Rxd1+ 26. Rxd1 Bc6 27. Nb6 Bc5 28. Nd7 Bd4 29.
Rxd4 exd4 30. Ne5 Re6 31. Nxc6 Rxc6 32. Bxd4 Rxc4 33. Be5 b3 34. Kg2 a5 35. f4 a4 36. Kg3 Rc2 37. Kg4 a3 38. bxa3 b2 39. Bxb2 Rxb2 0-1